 Dungeon Crawl Stone Soup version 0.29.0-7-g18a832c13a (webtiles) character file.

Game seed: 16658844872850301152

60 LynnLen the Magician (level 3, -1/16 HPs)
             Began as a Spriggan Conjurer on Aug 31, 2022.
             Killed from afar by a white imp (8 damage)
             ... with a puff of frost
             ... on level 4 of the Dungeon.
             The game lasted 00:08:42 (2415 turns).

LynnLen the Magician (Spriggan Conjurer)            Turns: 2415, Time: 00:08:42

Health: -1/16      AC:  2    Str:  3    XL:     3   Next: 80%
Magic:  6/9        EV: 17    Int: 21    God:
Gold:   109        SH:  0    Dex: 13    Spells: 7/10 levels left

rFire   . . .      SeeInvis +   (weapon restricted)
rCold   . . .      Faith    .   (no shield)
rNeg    . . .      Spirit   .   a - +0 robe
rPois   .          Reflect  .   (helmet restricted)
rElec   .          Harm     .   (no cloak)
rCorr   .          Rampage  .   (gloves unavailable)
Will    .....                   (boots unavailable)
Stlth   ++........              (no amulet)
HPRegen 0.05/turn               (no ring)
MPRegen 0.11/turn               (no ring)

@: very quick
A: very small, no large weapons, unfitting armour, see invisible, speed 3
a: no special abilities


You were on level 4 of the Dungeon.
You visited 1 branch of the dungeon, and saw 4 of its levels.

You collected 109 gold pieces.

Inventory:

Hand Weapons
 f - the +8 sling "Kiwaz" {vorpal, rPois Str+3}
   (You found it on level 2 of the Dungeon)

   Any ammunition fired from it inflicts extra damage upon your enemies.
   Str:       It affects your strength (+3).
   rPois:     It protects you from poison.
Armour
 a - a +0 robe (worn)
Jewellery
 d - a ring of willpower
Wands
 m - a wand of digging (1)
 p - a wand of flame (27)
Scrolls
 g - a scroll of blinking {unknown}
 h - 2 scrolls of poison
 n - a scroll of magic mapping {unknown}
Potions
 b - a potion of brilliance
 e - a potion of heal wounds
 i - a potion of curing
 j - 2 potions of invisibility {unknown}
 k - a potion of flight {unknown}
 l - 2 potions of might {unknown}
 o - a potion of berserk rage {unknown}


   Skills:
 - Level 2.6 Dodging
 - Level 3.0 Stealth
 + Level 4.1 Spellcasting
 + Level 3.5 Conjurations


You had 7 spell levels left.
You knew the following spells:

 Your Spells              Type           Power      Damage    Failure   Level
a - Magic Dart            Conj           76%        1d6       2%          1
b - Searing Ray           Conj           38%        2d5       4%          2

Your spell library contained the following spells:

 Spells                   Type           Power      Damage    Failure   Level
 Foxfire                  Conj/Fire      44%        2x1d6     5%          1
 Conjure Flame            Conj/Fire      11%        6-21      17%         3
 Dazzling Flash           Conj/Hex       22%        N/A       17%         3
 Inner Flame              Hex/Fire       4%         N/A       34%         3
 Flame Wave               Conj/Fire      11%        2d6       50%         4
 Fulminant Prism          Conj/Hex       5%         3d7       50%         4
 Iskenderun's Mystic Bla  Conj/Tloc      11%        2d4       50%         4
 Fireball                 Conj/Fire      5%         3d5       83%         5
 Starburst                Conj/Fire      5%         6d4       100%        6
 Ignition                 Fire           2%         3d3       100%        8


Dungeon Overview and Level Annotations

Branches:
Dungeon (4/15)
 Temple: D:4-7

Altars:


Innate Abilities, Weirdness & Mutations

You are very small and have problems with some larger weapons.
You are too small for most types of armour.
You have supernaturally acute eyesight. (SInv)
You cover ground extremely quickly. (Speed+++)


Message History

Found a scroll labelled NYPO UNGYPTOX.
There is a stone staircase leading up here.
You climb upwards.
There is a stone staircase leading down here.
You start resting.
You start resting.
Magic restored.
You start resting.
HP restored.
Unknown command.
There is a stone staircase leading down here.
You climb downwards.
There is a stone staircase leading up here.
Found a stone staircase leading down.
Aiming: Magic Dart (safe; 2% risk of failure)
Press: ? - help, Q - select action, (/) - cycle Shift-Dir - straight line, f - white imp
Aim: a white imp (100% to hit)
The magic dart hits the white imp but does no damage.
Unknown command.
Aiming: Magic Dart (safe; 2% risk of failure)
Press: ? - help, Q - select action, (/) - cycle Shift-Dir - straight line, f/p - white imp
Aim: a white imp (100% to hit)
The magic dart hits the white imp but does no damage.
The white imp gestures at you. The puff of frost hits you!
Ouch! That really hurt!
You feel much better. The white imp gestures at you.
The puff of frost hits you!
Ouch! That really hurt!
Unknown command.
Aiming: Magic Dart (safe; 2% risk of failure)
Press: ? - help, Q - select action, (/) - cycle Shift-Dir - straight line, f/p - white imp
Aim: a white imp (100% to hit)
The magic dart hits the white imp.
The white imp is heavily wounded.
The white imp gestures at you. The puff of frost hits you!
Ouch! That really hurt!
You die...

..##.....#.....##
.........##.....#
...###.#####...#
.. #..#####.## .
#.....##.#
##.#..#..##
#..##.....#
...##......# ....
#....@## ......
#.....#
.#.......5..$..
#...........#.#
..!..######
B...#.# .?..#..#
..>.


You could see a white imp.

Vanquished Creatures
  3 adders
  2 dart slugs
  2 orcs
  3 endoplasms
  A giant cockroach (D:3)
  A goblin (D:2)
  A hobgoblin (D:2)
  2 quokkas
  4 ball pythons
  A frilled lizard (D:3)
  4 kobolds
  5 rats
29 creatures vanquished.

Vanquished Creatures (others)
  3 plants (D:4)
3 creatures vanquished.

Grand Total: 32 creatures vanquished

Notes
Turn   | Place    | Note
-------+----------+-------------------------------------------
     0 | D:1      | LynnLen the Spriggan Conjurer began the quest for the Orb.
     0 | D:1      | Reached XP level 1. HP: 9/9 MP: 5/5
   325 | D:2      | Identified the +8 sling "Kiwaz" {vorpal, rPois Str+3}
   381 | D:2      | Reached skill level 3 in Spellcasting
   592 | D:2      | Reached XP level 2. HP: 13/13 MP: 1/7
   595 | D:2      | Learned a level 2 spell: Searing Ray
   716 | D:2      | Identified the +3 dagger of Vetuq {flame, rElec}
  1304 | D:3      | Found a faded altar of an unknown god.
  1356 | D:3      | Reached XP level 3. HP: 13/16 MP: 5/9
  2029 | D:4      | Reached skill level 4 in Spellcasting
  2415 | D:4      | Killed from afar by a white imp

Illustrated notes

Levels and vault maps discovered:
D:1:      wander_arrival_desolate, layout_rooms
D:2:      layout_loops_ring
D:3:      layout_rooms, basic_ecumenical_altar
D:4:      layout_cave_pools, nicolae_qazlal_scattered_showers,
          minmay_misc_feat_columns, nicolae_grassy_gnolls

Skill      XL: |  1  2  3 |
---------------+----------+-----
Conjurations   | 3 |  3.5
Spellcasting   | 3 4 |  4.1
Dodging        | |  2.6
Stealth        | |  3.0

Action                   || total
-------------------------++-------
Melee: Unarmed           ||     1
 Cast: Magic Dart        ||    89
  Use: Scroll            ||     4
       Potion            ||     2
Armor: Robe              ||     2
Dodge: Dodged            ||    10
